 Dungeon Crawl Stone Soup version 0.16-a0-3884-g0a5f664 (webtiles) character file.

28 Gruud the Grave Robber (level 2, 0/19 HPs)
             Began as a Demonspawn Necromancer on Feb 2, 2015.
             Slain by a hobgoblin (3 damage)
             ... led by Robin
             ... on level 2 of the Dungeon.
             The game lasted 00:04:06 (738 turns).

Gruud the Grave Robber (Demonspawn Necromancer)      Turns: 738, Time: 00:04:06

Health: 0/19       AC:  6    Str:  8    XL:     2   Next: 96%
Magic:  4/4        EV: 12    Int: 16    God:
Gold:   39         SH:  0    Dex: 13    Spells: 2 memorised, 3 levels left

rFire  . . .     SeeInvis .     h - +0 spear
rCold  . . .     Clarity  .     a - +0 robe
rNeg   . . .     SustAb   .     (no shield)
rPois  .         Gourm    .     (no helmet)
rElec  .         Spirit   .     (no cloak)
rCorr  .         Warding  .     (no gloves)
rMut   .         Stasis   .     (no boots)
MR     .....                    e - amulet of rage
Stlth  ++........               (no ring)
                                g - +4 ring of protection

@: not resistant to hostile enchantments, unstealthy
A: hooves 1
a: Evoke Berserk Rage


You were on level 2 of the Dungeon.
You were not hungry.

You visited 1 branch of the dungeon, and saw 2 of its levels.

You collected 39 gold pieces.

Inventory:

Hand weapons
 d - a +0 whip
 h - a +0 spear (weapon)
Missiles
 j - 41 stones (quivered)
Armour
 a - a +0 robe (worn)
Jewellery
 e - an amulet of rage (around neck)
 g - a +4 ring of protection (left hand)
Scrolls
 i - a scroll of teleportation {unknown}
 k - 2 scrolls of identify {unknown}
 m - a scroll of fog
Potions
 l - a potion of agility {unknown}
 n - a potion of brilliance {unknown}
Books
 b - a book of Necromancy

   Spells                             Type                      Level
   a - Pain                           Necromancy                   1
   b - Animate Skeleton               Necromancy                   1
   c - Vampiric Draining              Necromancy                   3
   d - Regeneration                   Charms/Necromancy            3
   e - Animate Dead                   Necromancy                   4
   f - Control Undead                 Necromancy                   4
Comestibles
 c - a bread ration


   Skills:
 - Level 1.7 Dodging
 - Level 1.7 Stealth
 - Level 2.0 Spellcasting
 * Level 5.4 Necromancy


You had 3 spell levels left.
You knew the following spells:

 Your Spells              Type           Power        Failure   Level  Hunger
a - Pain                  Necr           ###.         2%          1    #......
b - Animate Skeleton      Necr           N/A          2%          1    #......


Dungeon Overview and Level Annotations

Branches:
Dungeon (2/15)

Altars:

Annotations:
D:2 Sigmund


Innate Abilities, Weirdness & Mutations

You have large cloven feet.


Message History

You barely miss the hobgoblin. Your kick misses the hobgoblin.
The hobgoblin is moderately wounded.
The goblin hits you but does no damage.
The hobgoblin hits you but does no damage.
The hobgoblin closely misses you.
You barely miss the hobgoblin.
The hobgoblin is lightly wounded.
The goblin barely misses you. The hobgoblin hits you with a club.
* * * LOW HITPOINT WARNING * * *
The hobgoblin hits you but does no damage.
Unknown command.
You barely miss the hobgoblin.
The hobgoblin is lightly wounded.
The goblin hits you with a dagger.
* * * LOW HITPOINT WARNING * * *
The hobgoblin barely misses you. The hobgoblin hits you with a club.
* * * LOW HITPOINT WARNING * * *
Unknown command.
The goblin hits you but does no damage. The hobgoblin hits you.
You die...

#....... #.# #. ....####
#.# #. #.# #.# . ....#
#.# #.##.#.# #.# #.##.#[#
#.# #.##...# #.# #.# #..#
#{# #.# #g@# #.# #.# #gg#
#.# #######.####.# #.#
...........##.# #.#
#######.#.##.##########.#
#..#.#...b.........#
#.##.#..############
#.<#.#..# #..#.#..#


You could see 2 hobgoblins and a goblin.

Vanquished Creatures
  A giant mite (D:2)
  2 giant cockroaches (D:1)
  2 goblins
  3 hobgoblins
  2 jackals (D:1)
  A bat (D:1)
  A giant newt (D:1)
  3 rats (D:1)
15 creatures vanquished.

Vanquished Creatures (collateral kills)
  A giant cockroach (D:1)
  2 kobolds (D:1)
3 creatures vanquished.

Vanquished Creatures (others)
  A rat skeleton (D:1)
1 creature vanquished.

Grand Total: 19 creatures vanquished

Notes
Turn   | Place    | Note
--------------------------------------------------------------
     0 | D:1      | Gruud, the Demonspawn Necromancer, began the quest for the Orb.
     0 | D:1      | Reached XP level 1. HP: 13/13 MP: 3/3
    34 | D:1      | Learned a level 1 spell: Animate Skeleton
   141 | D:1      | Gained mutation: You have large cloven feet. [demonic ancestry]
   141 | D:1      | Reached XP level 2. HP: 17/19 MP: 4/4
   218 | D:1      | Reached skill level 5 in Necromancy
   614 | D:2      | Noticed Sigmund
   738 | D:2      | Slain by a hobgoblin

Action                   || total
-------------------------++-------
Melee: Whip              ||    17
       Spear             ||    36
 Cast: Animate Skeleton  ||     7
       Pain              ||     6
  Use: Scroll            ||     1
